 Dungeon Crawl Stone Soup version 0.22-a0-136-g83a10e5 (webtiles) character file.

219634 kuniqs the Sorcerer (level 18, -1/93 HPs)
             Began as a Spriggan Summoner on Feb 4, 2018.
             Was the Champion of Sif Muna.
             Shot with an arrow by a deep elf archer (28 damage)
             ... on level 2 of the Elven Halls on Feb 6, 2018.
             The game lasted 03:58:12 (52144 turns).

kuniqs the Sorcerer (Spriggan Summoner)            Turns: 52144, Time: 03:58:13

Health: -1/93      AC: 14    Str:  6    XL:     18   Next: 1%
Magic:  29/45      EV: 30    Int: 32    God:    Sif Muna [******]
Gold:   4779       SH:  0    Dex: 19    Spells: 1/62 levels left

rFire    + . .     SeeInvis +   X - +3 dagger of Doeq {flame, rN++}
rCold    + . .     Gourm    .   (shield restricted)
rNeg     + + .     Faith    .   R - +2 robe {rF+}
rPois    .         Spirit   .   W - +1 hat
rElec    .         Reflect  .   (no cloak)
rCorr    .         Harm     .   (gloves unavailable)
MR       ++++.                  (boots unavailable)
Stlth    +++++.....             S - amulet of magic regeneration
HPRegen  0.25/turn              U - ring of Reosh {MR+ Int+4 Dex+3}
MPRegen  0.54/turn              q - ring of Peameliv {rC+ Str+2 Int+3}

@: icy armour, studying Ice Magic, divine energy, very quick
A: very small, unfitting armour, see invisible, herbivore, speed 3, slow
metabolism 2
}: 2/15 runes: decaying, serpentine
a: Stop Divine Energy, Channel Magic, Forget Spell, Renounce Religion


You were on level 2 of the Elven Halls.
You worshipped Sif Muna.
Sif Muna was exalted by your worship.
You were not hungry.

You visited 7 branches of the dungeon, and saw 37 of its levels.
You also visited: Labyrinth, Ossuary, Bailey and Ice Cave.

You collected 5920 gold pieces.
You spent 1141 gold pieces at shops.

Inventory:

Hand Weapons
 a - the +1 broad axe of Harmony {freeze, rC++ Str+4, !a}
   (You took it off a crimson imp on level 11 of the Dungeon)

   It has been specially enchanted to freeze those struck by it, causing extra
   injury to most foes and up to half again as much damage against particularly
   susceptible opponents.
   It can also slow down cold-blooded creatures.
   It affects your strength (+4).
   It greatly protects you from cold.
 z - the +9 quarterstaff "Xiduuk" {flame, *Rage rPois MR+++ Stlth-, !a}
   (You took it off an orc warrior on level 11 of the Dungeon)

   It has been specially enchanted to burn those struck by it, causing extra
   injury to most foes and up to half again as much damage against particularly
   susceptible opponents.
   It protects you from poison.
   It affects your resistance to hostile enchantments.
   It may make you go berserk in combat.
   It makes you less stealthy.
 X - the +3 dagger of Doeq (weapon) {flame, rN++}
   (You found it on level 1 of the Swamp)

   It has been specially enchanted to burn those struck by it, causing extra
   injury to most foes and up to half again as much damage against particularly
   susceptible opponents.
   It greatly protects you from negative energy.
Missiles
 g - a throwing net (quivered)
Armour
 R - a +2 robe of fire resistance (worn)
 W - a +1 hat (worn)
Magical Staves
 M - an uncursed staff of air
Jewellery
 q - the ring of Peameliv (right hand) {rC+ Str+2 Int+3}
   (You took it off a naga sharpshooter on level 2 of the Snake Pit)

   [ring of intelligence]

   It affects your strength (+2).
   It affects your intelligence (+3).
   It protects you from cold.
 y - an uncursed ring of wizardry
 S - an amulet of magic regeneration (around neck)
 U - the ring of Reosh (left hand) {MR+ Int+4 Dex+3}
   (You found it in a labyrinth)

   [ring of protection from magic]

   It affects your intelligence (+4).
   It affects your dexterity (+3).
   It affects your resistance to hostile enchantments.
Wands
 b - a wand of disintegration (5)
 C - a wand of digging (29)
Scrolls
 e - a scroll of silence
 f - 4 scrolls of teleportation
 h - 7 scrolls of blinking
 i - 2 scrolls of magic mapping
 j - 6 scrolls of amnesia
 k - 4 scrolls of identify {@r1}
 m - 5 scrolls of immolation
 w - 9 scrolls of fear
 E - 14 scrolls of remove curse {@r2}
 F - a scroll of summoning
 N - a scroll of acquirement
 Q - 5 scrolls of fog
 T - a scroll of enchant armour
Potions
 d - 11 potions of curing {@q1}
 l - 3 potions of invisibility
 r - 6 potions of agility
 s - 7 potions of cancellation
 t - 4 potions of magic
 u - 5 potions of mutation
 A - 2 potions of resistance
 B - 7 potions of brilliance
 D - 5 potions of haste
 I - 2 potions of ambrosia
 P - a potion of flight
Books
 n - Sif Muna's Almanac of Mutagenic Enhancements
   (Sif Muna gifted it to you on level 4 of the Vaults)

   Spells                             Type                      Level
   a - Song of Slaying                Charms                       2
   b - Ozocubu's Armour               Charms/Ice                   3
   c - Yara's Violent Unravelling     Hexes/Transmutation          5
   d - Blade Hands                    Transmutation                5
   e - Deflect Missiles               Charms/Air                   6
   f - Ring of Flames                 Charms/Fire                  7
   g - Dragon Form                    Transmutation                7
 p - Sif Muna's Disquisition on Slavery
   (Sif Muna gifted it to you on level 13 of the Dungeon)

   Spells                             Type                      Level
   a - Shadow Creatures               Summoning                    6
   b - Haunt                          Necromancy/Summoning         7
   c - Monstrous Menagerie            Summoning                    7
   d - Summon Greater Demon           Summoning                    7
   e - Summon Hydra                   Summoning                    7
   f - Dragon's Call                  Summoning                    9
 G - a manual of Ice Magic
 H - a manual of Ice Magic
 K - Sif Muna's Grimoire of Summoning
   (Sif Muna gifted it to you on level 5 of the Lair of Beasts)

   Spells                             Type                      Level
   a - Summon Butterflies             Summoning                    1
   b - Summon Demon                   Summoning                    5
   c - Monstrous Menagerie            Summoning                    7
   d - Malign Gateway                 Summoning/Translocation      7
   e - Summon Horrible Things         Summoning                    8
 O - a book of Enchantments

   Spells                             Type                      Level
   a - Cause Fear                     Hexes                        4
   b - Yara's Violent Unravelling     Hexes/Transmutation          5
   c - Silence                        Hexes/Air                    5
   d - Deflect Missiles               Charms/Air                   6
   e - Discord                        Hexes                        8
 Y - a book of Summonings

   Spells                             Type                      Level
   a - Recall                         Summoning/Translocation      3
   b - Aura of Abjuration             Summoning                    5
   c - Summon Demon                   Summoning                    5
   d - Summon Forest                  Summoning/Translocation      5
   e - Summon Mana Viper              Hexes/Summoning              5
   f - Shadow Creatures               Summoning                    6
Comestibles
 c - 40 rations


   Skills:
 - Level 10.0 Fighting
 - Level 12.5 Dodging
 - Level 10.0 Stealth
 + Level 22.9 Spellcasting
 - Level 8.0 Hexes
 - Level 7.7 Charms
 + Level 14.4 Summonings
 - Level 4.8 Air Magic
 - Level 6.0 Invocations


You had one spell level left.
You knew the following spells:

 Your Spells              Type           Power        Failure   Level  Hunger
a - Summon Demon          Summ           #######...   1%          5    None
b - Summon Hydra          Summ           #######...   1%          7    None
c - Malign Gateway        Summ/Tloc      ######....   34%         7    None
d - Ozocubu's Armour      Chrm/Ice       ######..     1%          3    None
e - Summon Lightning Spi  Summ/Air       #######.     1%          4    None
f - Summon Butterflies    Summ           #######.     0%          1    None
g - Cause Fear            Hex            ######....   1%          4    None
h - Shadow Creatures      Summ           N/A          1%          6    None
i - Recall                Summ/Tloc      N/A          1%          3    None
j - Summon Forest         Summ/Tloc      ######....   1%          5    None
k - Summon Mana Viper     Hex/Summ       #######.     1%          5    None
l - Deflect Missiles      Chrm/Air       ######....   10%         6    None
m - Aura of Abjuration    Summ           #######...   1%          5    None


Dungeon Overview and Level Annotations

Branches:
Dungeon (15/15)            Temple (0/1) D:5            Lair (6/6) D:9
  Swamp (4/4) Lair:2        Snake (4/4) Lair:4        Slime (0/5) Lair:5
    Orc (2/2) D:10            Elf (2/3) Orc:2        Vaults (4/5) D:13
  Crypt (0/3) Vaults:2     Depths (0/5) D:15

Altars:
Cheibriados
Elyvilon
Gozag
Hepliaklqana
Kikubaaqudgha
Makhleb
Okawaru
Sif Muna
Trog
Vehumet
Wu Jian
Zin
Beogh
Jiyva

Shops:
D:9 }   D:10 *   Orc:2 [([}   Snake:1 %[   Snake:3 }   Snake:4 %   Vaults:2 ?
Vaults:3 *(*(

Annotations:
Snake:2 1 transporter
Vaults:1 RETURN WITH BLINK


Innate Abilities, Weirdness & Mutations

You are very small and have problems with some larger weapons.
You are too small for most types of armour.
You have supernaturally acute eyesight. (SInv)
You are a herbivore.
You cover ground extremely quickly.
You need consume almost no food.


Message History

The deep elf knight hits your ice devil but does no damage.
The deep elf knight casts a spell at you.
The shard of ice hits your eldritch tentacle.
Your eldritch tentacle partially resists.
Your ice devil hits the deep elf knight!
Your ice devil freezes the deep elf knight!
Your smoke demon gestures at the deep elf archer.
The deep elf archer is smitten.
You swap places.
Your eldritch tentacle slaps the deep elf knight!
The deep elf knight dies!
Sif Muna accepts your kill.
The deep elf archer hits your eldritch tentacle segment but does no damage.
You see here an arrow.
You feel better.
Your eldritch tentacle slaps the deep elf knight!!
Your eldritch tentacle completely misses the deep elf knight.
The deep elf knight shoots an arrow.
The arrow hits your eldritch tentacle!!
The deep elf archer shoots an arrow.
The arrow hits you!!
You die...

######
#.......#
##.......##
#.........#
##.........#
#..Λe.......
#.*.\..$....
#@.34we.....
##(.<)e....#
#..e......#
+#....e..#+
#.......#
####+####


You could see 3 deep elf archers, a deep elf knight (invisible), a deep elf
mage, a friendly eldritch tentacle, a friendly ice devil and a friendly smoke
demon.

Vanquished Creatures
  A yaktaur captain (Vaults:3)
  A deep elf knight (Vaults:3)
  A deep elf archer (Vaults:3)
  An ironbrand convoker (Vaults:3)
  A yaktaur (Vaults:2)
  A slime creature (D:12)
  An orc warrior (Bailey)
  A shadow imp (D:15)
8 creatures vanquished.

Vanquished Creatures (collateral kills)
  Mara (Swamp:3)
  Sojobo (Vaults:2)
  the Lernaean hydra (Swamp:4)
  Vashnia (Snake:2)
  Jorgrun (Swamp:4)
  An Ice Fiend (IceCv)
  Asterion (Snake:4)
  A sphinx (Vaults:4)
  Kirke (Snake:1)
  Frances (D:13)
  2 thorn hunters (Swamp:4)
  2 tengu reavers (Vaults:2)
  A deep elf sorcerer (Elf:1)
  An orc warlord (Orc:2)
  Aizul (Swamp:4)
  7 nagarajas
  2 frost giants
  12 vault wardens
  A very ugly thing (Swamp:1)
  4 stone giants
  17 ironheart preservers
  2 entropy weavers
  4 deep elf annihilators
  Nessos (D:13)
  2 eidola (Vaults:2)
  A minotaur (Lab)
  4 ettins
  A crystal guardian (Vaults:3)
  5 fire dragons
  Josephine (D:13)
  9 yaktaur captains
  5 vault guards
  3 great orbs of eyes
  10 naga warriors
  2 ghost crabs
  A death knight (Vaults:4)
  3 ice dragons
  3 centaur warriors
  The ghost of Yosebu the Geomancer, a journeyman GrEE of Vehumet (Lair:2)
  23 hydras
  6 ogre magi
  6 catoblepae
  11 two-headed ogres
  A dancing weapon (Elf:1)
  10 alligators
  5 anacondas
  A satyr (shapeshifter) (Vaults:3)
  A deep troll shaman (Vaults:2)
  A queen ant (shapeshifter) (Vaults:4)
  11 death yaks
  A vampire mage (Vaults:2)
  10 naga sharpshooters
  Urug (D:10)
  6 shock serpents
  13 deep elf knights
  3 shadow wraiths
  8 skeletal warriors
  A death drake (shapeshifter) (Vaults:1)
  2 spriggan druids (Swamp:3)
  17 deep trolls
  2 salamander mystics
  5 unseen horrors
  14 swamp dragons (Swamp:4)
  A glowing orange brain (Vaults:4)
  2 wizards
  A flayed ghost (Vaults:1)
  5 naga ritualists
  A shambling mangrove (Swamp:4)
  3 sea snakes (Snake:4)
  A sea snake (shapeshifter) (Vaults:1)
  20 deep elf archers
  5 harpies
  2 necromancers (Vaults:1)
  14 orc knights
  7 ironbrand convokers
  50 deep elf magi
  An oklob plant (Lair:2)
  3 mana vipers
  22 ugly things
  4 manticores
  3 orc sorcerers
  A sphinx skeleton (Vaults:1)
  12 salamanders
  3 cyclopes
  6 elephants (Lair:5)
  A frost giant skeleton (Vaults:1)
  Psyche (D:12)
  An ice statue (IceCv)
  2 guardian serpents
  An elephant (shapeshifter) (Vaults:1)
  11 naga magi
  20 black mambas
  A centaur zombie (D:15)
  10 vault sentinels
  A torpor snail (Lair:3)
  A gargoyle (D:11)
  9 spiny frogs
  5 rime drakes
  5 kobold demonologists
  5 anaconda simulacra (IceCv)
  7 freezing wraiths
  An efreet (D:15)
  A yaktaur (shapeshifter) (Vaults:3)
  28 yaktaurs
  4 ice devils (IceCv)
  7 komodo dragons
  6 trolls
  3 polar bears
  2 tyrant leeches
  A polar bear (shapeshifter) (Vaults:4)
  A hornet (shapeshifter) (Vaults:4)
  11 hornets
  15 blink frogs
  A harpy skeleton (Vaults:1)
  37 slime creatures
  8 bog bodies
  6 hippogriffs
  10 redbacks
  An air elemental (Elf:1)
  A frost giant simulacrum (Vaults:1)
  2 spriggans (shapeshifter)
  5 shadows
  A vampire (D:11)
  2 dire elephant simulacra (IceCv)
  6 spriggans
  2 water elementals (D:15)
  75 yaks
  6 wraiths
  A fire elemental (Elf:1)
  A hog (Snake:1)
  3 wyverns
  4 basilisks
  16 humans (D:13)
  2 hungry ghosts
  A death yak simulacrum (IceCv)
  Menkaure (D:7)
  11 vampire mosquitoes
  8 wargs
  2 iron troll simulacra (IceCv)
  2 human simulacra (Vaults:1)
  54 nagas
  28 insubstantial wisps
  3 harpy simulacra (IceCv)
  A soldier ant (D:12)
  A soldier ant (shapeshifter) (Vaults:3)
  3 acid dragons
  19 swamp worms
  13 water moccasins
  A black bear (D:10)
  13 swamp drakes
  14 porcupines
  5 sky beasts
  2 phantoms
  44 orc warriors
  4 ice beasts
  An eye of draining (D:13)
  A necrophage (D:5)
  3 ettin simulacra (IceCv)
  24 ogres
  5 boggarts (Vaults:3)
  5 centaurs
  7 wolves
  11 crocodiles
  2 elf zombies (D:6)
  4 big kobolds
  An earth elemental (Elf:1)
  19 bullfrogs
  An elf simulacrum (Vaults:1)
  A hornet simulacrum (Vaults:1)
  A wyvern skeleton (D:11)
  4 scorpions
  An orc simulacrum (Vaults:1)
  13 killer bees
  3 elephant simulacra (IceCv)
  8 wights
  8 howler monkeys
  6 crimson imps
  2 bullfrog zombies
  4 jellies
  A draconian simulacrum (IceCv)
  5 hounds
  3 human zombies (D:6)
  18 orc priests
  26 orc wizards
  A bullfrog skeleton (D:12)
  5 centaur skeletons
  3 human skeletons
  4 iguanas
  A polar bear simulacrum (IceCv)
  15 worker ants
  2 troll simulacra (IceCv)
  A killer bee zombie (D:8)
  2 wolf simulacra (IceCv)
  A big kobold zombie (Ossuary)
  6 centaur simulacra (IceCv)
  8 mummies (Ossuary)
  A worker ant zombie (D:8)
  A howler monkey zombie (D:8)
  5 gnolls (D:9)
  7 adders
  2 naga simulacra (IceCv)
  3 shadow imps
  7 white imps
  5 ufetubi (IceCv)
  An ooze (D:6)
  An adder skeleton (D:6)
  5 worms
  5 leopard geckos
  111 orcs
  3 bat zombies (D:7)
  A giant cockroach (D:7)
  4 gnoll zombies (Ossuary)
  6 goblins
  7 hobgoblins
  9 jackals
  6 quokkas
  A ball python (D:1)
  4 bats
  A frilled lizard (D:3)
  11 kobolds
  2 kobold zombies (Ossuary)
  An orc zombie (Ossuary)
  11 rats
  A rat zombie (D:7)
  12 briar patches (Swamp:4)
  A butterfly (Lair:1)
  4 fungi
  8 plants
1509 creatures vanquished.

Vanquished Creatures (others)
  A slime creature (D:12)
  A deep troll (Vaults:2)
  A deep elf mage (Elf:1)
  A komodo dragon (Swamp:4)
  2 humans (Snake:1)
  A swamp drake (Swamp:4)
  6 white imps (IceCv)
  2 ufetubi (IceCv)
  A quokka (D:8)
  4 briar patches (Swamp:4)
  A bush (Lair:5)
  8 fungi
  2 plants
  8 snaplasher vines
39 creatures vanquished.

Grand Total: 1556 creatures vanquished

Notes
Turn   | Place    | Note
-------+----------+-------------------------------------------
     0 | D:1      | kuniqs the Spriggan Summoner began the quest for the Orb.
     0 | D:1      | Reached XP level 1. HP: 9/9 MP: 5/5
   262 | D:1      | Reached skill level 3 in Spellcasting
   296 | D:1      | Reached XP level 2. HP: 13/13 MP: 2/7
   300 | D:1      | Learned a level 2 spell: Call Imp
  1127 | D:2      | Reached XP level 3. HP: 16/16 MP: 3/8
  1132 | D:2      | Learned a level 3 spell: Call Canine Familiar
  1180 | D:2      | Found a hazy altar of Hepliaklqana.
  1201 | D:2      | Found a snail-covered altar of Cheibriados.
  1554 | D:3      | Found an opulent altar of Gozag.
  2217 | D:3      | Found a deep blue altar of Sif Muna.
  2220 | D:3      | Became a worshipper of Sif Muna the Loreminder
  2454 | D:4      | Found a burning altar of Makhleb.
  2584 | D:4      | You fall through a shaft for 2 floors!
  2589 | D:6      | Noticed a centaur
  2622 | D:6      | Killed a centaur
  2622 | D:6      | Reached skill level 4 in Spellcasting
  2622 | D:6      | Reached XP level 4. HP: 7/21 MP: 8/11
  2736 | D:6      | Found a snail-covered altar of Cheibriados.
  3033 | D:6      | Reached XP level 5. HP: 21/24 MP: 8/12
  3274 | D:6      | Found a sand-covered staircase.
  3286 | D:6      | Reached skill level 5 in Summonings
  3292 | Ossuary  | Entered an ossuary
  3655 | D:6      | Reached XP level 6. HP: 28/28 MP: 14/14
  3682 | D:6      | Reached * piety under Sif Muna
  3682 | D:6      | Reached skill level 5 in Spellcasting
  3853 | D:5      | Entered Level 5 of the Dungeon
  4288 | D:5      | Noticed a sky beast
  4346 | D:4      | Killed a sky beast
  4346 | D:4      | Reached XP level 7. HP: 19/32 MP: 15/16
  4787 | D:5      | Found a staircase to the Ecumenical Temple.
  4885 | D:5      | Reached skill level 6 in Spellcasting
  5085 | D:7      | Found the +7 longbow "Piercer" {penet, EV-2}
  5104 | D:7      | Found a glowing silver altar of Zin.
  5375 | D:7      | Noticed a spriggan baker
  5546 | D:7      | Learned a level 4 spell: Summon Ice Beast
  5551 | D:7      | Learned a level 4 spell: Summon Lightning Spire
  5655 | D:7      | Reached ** piety under Sif Muna
  5669 | D:7      | Found an ornate altar of the Wu Jian Council.
  5898 | D:8      | Found a white marble altar of Elyvilon.
  6151 | D:8      | Reached XP level 8. HP: 36/36 MP: 16/19
  6201 | D:8      | Reached skill level 7 in Spellcasting
  6342 | D:8      | Noticed a troll
  6361 | D:8      | Killed a troll
  6365 | D:8      | Noticed a manticore
  6830 | D:9      | Reached *** piety under Sif Muna
  6870 | D:9      | Found a flagged portal.
  6877 | Bailey   | Entered a bailey
  7142 | Bailey   | Noticed an orc knight
  7146 | Bailey   | Noticed an orc knight
  7174 | Bailey   | Reached skill level 8 in Spellcasting
  7267 | Bailey   | Killed an orc knight
  7267 | Bailey   | Reached XP level 9. HP: 39/39 MP: 16/22
  7287 | Bailey   | Killed an orc knight
  7478 | D:9      | Found Zyotut's Gadget Shoppe.
  7560 | D:9      | Reached **** piety under Sif Muna
  7560 | D:9      | Reached skill level 9 in Spellcasting
  7561 | D:9      | Found a bloodstained altar of Trog.
  7950 | D:9      | Found an iron altar of Okawaru.
  7979 | D:9      | Noticed a guardian serpent
  7997 | D:10     | Entered Level 10 of the Dungeon
  8101 | D:10     | Noticed an unseen horror
  8179 | D:10     | Killed an unseen horror
  8323 | D:10     | Found a staircase to the Orcish Mines.
  8362 | D:10     | Noticed a two-headed ogre
  8375 | D:10     | Killed a two-headed ogre
  8375 | D:10     | Reached skill level 10 in Summonings
  8690 | D:10     | Noticed an unseen horror
  8715 | D:10     | Killed an unseen horror
  8715 | D:10     | Reached ***** piety under Sif Muna
  8715 | D:10     | Reached skill level 10 in Spellcasting
  8876 | D:10     | Found Car Xush's General Store.
  8881 | D:10     | Bought a potion of brilliance for 60 gold pieces
  9009 | D:10     | Noticed an unseen horror
  9045 | D:10     | Killed an unseen horror
  9045 | D:10     | Identified Sif Muna's Collected Works on Conjuration (Sif Muna gifted it to you on level 10 of the Dungeon)
  9045 | D:10     | Received a gift from Sif Muna
  9045 | D:10     | Reached XP level 10. HP: 42/44 MP: 25/25
  9283 | D:11     | Noticed Urug
  9665 | D:10     | Killed Urug
  9783 | D:11     | Noticed a gargoyle
  9784 | D:11     | Noticed an ice dragon
 10004 | D:11     | Noticed a purple ugly thing
 10116 | D:10     | Killed a purple ugly thing
 10313 | D:11     | Killed a gargoyle
 10510 | D:11     | Reached skill level 11 in Spellcasting
 10782 | D:11     | Killed an ice dragon
 10925 | D:11     | Got the broad axe of Harmony {freeze}
 10926 | D:11     | Identified the cursed +1 broad axe of Harmony {freeze, rC++ Str+4} (You took it off a crimson imp on level 11 of the Dungeon)
 11105 | D:11     | Found a bloodstained altar of Trog.
 11166 | D:11     | Learned a level 1 spell: Summon Butterflies
 11343 | D:12     | Noticed a two-headed ogre
 11356 | D:12     | Killed a two-headed ogre
 11536 | D:12     | Received a gift from Sif Muna
 11536 | D:12     | Reached XP level 11. HP: 43/47 MP: 20/27
 11848 | D:12     | Noticed a cyan ugly thing
 11901 | D:12     | Killed a cyan ugly thing
 11924 | D:12     | Noticed Psyche
 12256 | D:12     | Killed Psyche
 12311 | D:12     | Reached skill level 12 in Spellcasting
 12981 | D:11     | Got an iridescent quarterstaff {flame}
 13365 | D:9      | Found a staircase to the Lair.
 13782 | D:7      | Found an ancient bone altar of Kikubaaqudgha.
 13872 | D:7      | Noticed Menkaure
 13880 | D:7      | Killed Menkaure
 14109 | D:9      | Bought a wand of digging (9) for 312 gold pieces
 14167 | D:9      | Identified the +9 quarterstaff "Xiduuk" {flame, *Rage rPois MR+++ Stlth-} (You took it off an orc warrior on level 11 of the Dungeon)
 14189 | Lair:1   | Entered Level 1 of the Lair of Beasts
 14719 | Lair:1   | Noticed a six-headed hydra
 14729 | Lair:1   | Killed a six-headed hydra
 14729 | Lair:1   | Identified Sif Muna's Tome of Damaging Ice (Sif Muna gifted it to you on level 1 of the Lair of Beasts)
 14729 | Lair:1   | Received a gift from Sif Muna
 14733 | Lair:1   | Reached skill level 13 in Spellcasting
 15032 | Lair:1   | Noticed an eight-headed hydra
 15045 | Lair:1   | Killed an eight-headed hydra
 15105 | Lair:2   | Noticed a four-headed hydra
 15112 | Lair:2   | Killed a four-headed hydra
 15212 | Lair:2   | Found a staircase to the Swamp.
 15508 | Lair:2   | Noticed a four-headed hydra
 15509 | Lair:2   | Noticed a catoblepas
 15560 | Lair:2   | Killed a catoblepas
 15712 | Lair:2   | Noticed Yosebu's ghost (journeyman GrEE)
 15742 | Lair:2   | Reached XP level 12. HP: 51/51 MP: 30/30
 15846 | Lair:2   | Killed a four-headed hydra
 15934 | Lair:2   | Killed Yosebu's ghost
 16266 | Lair:3   | Noticed a seven-headed hydra
 16269 | Lair:3   | Noticed an eight-headed hydra
 16280 | Lair:3   | Killed a seven-headed hydra
 16303 | Lair:3   | Killed an eight-headed hydra
 16730 | Lair:3   | Noticed a seven-headed hydra
 16742 | Lair:3   | Killed a seven-headed hydra
 17381 | Lair:4   | Reached skill level 14 in Spellcasting
 17419 | Lair:4   | Found a staircase to the Snake Pit.
 17976 | Lair:5   | Got a translucent war axe
 18022 | Lair:5   | Identified the +11 war axe of Change {antimagic, *Contam rElec rC++} (You found it on level 5 of the Lair of Beasts)
 18236 | Lair:5   | Identified the Handbook of Attacks
 18251 | Lair:5   | Identified Sif Muna's Grimoire of Summoning (Sif Muna gifted it to you on level 5 of the Lair of Beasts)
 18251 | Lair:5   | Received a gift from Sif Muna
 18259 | Lair:5   | Learned a level 5 spell: Summon Demon
 18263 | Lair:5   | Found a viscous altar of Jiyva.
 18264 | Lair:5   | Found a staircase to the Slime Pits.
 18303 | Lair:5   | Noticed a death yak
 18318 | Lair:5   | Killed a death yak
 18326 | Lair:5   | Noticed a death yak
 18329 | Lair:5   | Noticed a death yak
 18336 | Lair:5   | Noticed a death yak
 18336 | Lair:5   | Killed a death yak
 18337 | Lair:5   | Noticed a death yak
 18337 | Lair:5   | Noticed a death yak
 18341 | Lair:5   | Killed a death yak
 18360 | Lair:5   | Killed a death yak
 18383 | Lair:5   | Killed a death yak
 18389 | Lair:5   | Killed a death yak
 18389 | Lair:5   | Reached skill level 15 in Spellcasting
 18714 | Lair:5   | Noticed a catoblepas
 18734 | Lair:5   | Killed a catoblepas
 18833 | Lair:5   | You fall through a shaft!
 18833 | Lair:6   | Entered Level 6 of the Lair of Beasts
 18833 | Lair:6   | Noticed a six-headed hydra
 18851 | Lair:6   | Killed a six-headed hydra
 18857 | Lair:6   | Identified 2 scrolls of acquirement
 18858 | Lair:6   | Got a bloodstained robe
 18920 | Lair:6   | Found a labyrinth entrance.
 18953 | Lair:6   | Learned a level 5 spell: Summon Demon
 18954 | Lab      | Entered a labyrinth
 19554 | Lab      | Noticed a minotaur
 19569 | Lab      | Killed a minotaur
 19579 | Lab      | Got an ancient silver ring
 19579 | Lab      | Got a scorched wooden ring
 19580 | Lab      | Identified the +2 robe of Fifeimn {rN+} (You acquired it on level 6 of the Lair of Beasts)
 19588 | Lair:6   | Identified the ring "Doehiegu" {Str+5 Int+4 Dex+3} (You found it in a labyrinth)
 19591 | Lair:6   | Identified the ring of Reosh {MR+ Int+4 Dex+3} (You found it in a labyrinth)
 19715 | Lair:6   | Noticed a five-headed hydra
 19725 | Lair:6   | Reached XP level 13. HP: 56/56 MP: 29/33
 19755 | Lair:6   | Reached skill level 1 in Invocations
 19999 | Lair:6   | Reached skill level 1 in Fighting
 20285 | Lair:6   | Reached skill level 5 in Stealth
 20595 | Lair:6   | Reached skill level 5 in Dodging
 21268 | Orc:1    | Entered Level 1 of the Orcish Mines
 21320 | Orc:1    | Found a roughly hewn altar of Beogh.
 21447 | Orc:2    | Entered Level 2 of the Orcish Mines
 21447 | Orc:2    | Found a staircase to the Elven Halls.
 21821 | Orc:2    | Found a roughly hewn altar of Beogh.
 21897 | Orc:2    | Found a roughly hewn altar of Beogh.
 21919 | Orc:2    | Found Juseix's Antique Armour Boutique.
 22319 | Orc:2    | Found a roughly hewn altar of Beogh.
 22427 | Orc:2    | Found a roughly hewn altar of Beogh.
 22443 | Orc:2    | Found Qibaesa's Gadget Boutique.
 22472 | Orc:2    | Found a roughly hewn altar of Beogh.
 22509 | Orc:2    | Noticed an ettin
 22527 | Orc:2    | Killed an ettin
 22555 | Orc:2    | Found a roughly hewn altar of Beogh.
 22608 | Orc:2    | Noticed an orc warlord
 22629 | Orc:2    | Killed an orc warlord
 22914 | Orc:2    | Found a roughly hewn altar of Beogh.
 22914 | Orc:2    | Found Uloob's Antique Weapon Shop.
 22916 | Orc:2    | Found Kaowam's Antique Armour Boutique.
 22993 | Orc:2    | Bought a fabulously ornate robe for 131 gold pieces
 22993 | Orc:2    | Identified the +1 robe "Opucehe" {MR++ Str-3 Stlth+} (You bought it in a shop on level 2 of the Orcish Mines)
 23046 | D:10     | Learned a level 4 spell: Cause Fear
 23137 | D:13     | Found a gate to the Vaults.
 23137 | D:13     | Noticed Nessos
 23194 | D:13     | Identified Sif Muna's Disquisition on Slavery (Sif Muna gifted it to you on level 13 of the Dungeon)
 23194 | D:13     | Received a gift from Sif Muna
 23216 | D:12     | Learned a level 6 spell: Shadow Creatures
 23491 | D:13     | Reached skill level 1 in Hexes
 23634 | D:13     | Killed Nessos
 23872 | D:13     | Noticed Frances
 23905 | D:13     | Killed Frances
 24284 | D:13     | Noticed Josephine
 24297 | D:13     | Killed Josephine
 25339 | D:15     | Entered Level 15 of the Dungeon
 25364 | D:15     | Reached skill level 5 in Invocations
 25655 | D:15     | Found a staircase to the Depths.
 25773 | D:15     | Reached XP level 14. HP: 67/67 MP: 34/34
 26570 | Snake:1  | Entered Level 1 of the Snake Pit
 26586 | Snake:1  | Found Ferap's Antique Armour Emporium.
 26605 | Snake:1  | Noticed Kirke
 26625 | Snake:1  | Killed Kirke
 26699 | Snake:1  | Found Tawimunn's Food Emporium.
 26855 | Snake:1  | You fall through a shaft!
 26855 | Snake:2  | Noticed a nagaraja
 26855 | Snake:2  | Noticed a nagaraja
 27613 | Snake:2  | Found a transporter.
 27869 | Snake:2  | Found a deep blue altar of Sif Muna.
 28205 | Snake:2  | Noticed Vashnia
 28678 | Swamp:1  | Entered Level 1 of the Swamp
 28891 | Swamp:1  | Reached skill level 5 in Fighting
 28998 | Swamp:1  | You fall through a shaft!
 29014 | Swamp:2  | Reached skill level 5 in Hexes
 29046 | Swamp:2  | Reached skill level 10 in Stealth
 29118 | Swamp:1  | Noticed a white very ugly thing
 29202 | Swamp:1  | Identified Tobrab's Compendium of the Shore (Sif Muna gifted it to you on level 1 of the Swamp)
 29202 | Swamp:1  | Received a gift from Sif Muna
 29214 | Swamp:1  | Killed a purple very ugly thing
 29243 | Swamp:1  | Found a frozen archway.
 29297 | IceCv    | Entered an ice cave
 29316 | IceCv    | I CAN CHEAT TOO
 30535 | IceCv    | Reached skill level 10 in Dodging
 30704 | IceCv    | Noticed an Ice Fiend
 31090 | IceCv    | HP: 2/68 [Ice Fiend/bolt of cold (15)]
 31140 | IceCv    | HP: 3/68 [??? (1)]
 31142 | IceCv    | Killed an Ice Fiend
 31768 | IceCv    | Learned a level 3 spell: Recall
 32070 | Swamp:1  | Identified the +3 dagger of Doeq {flame, rN++} (You found it on level 1 of the Swamp)
 32105 | Swamp:1  | You fall through a shaft!
 32370 | Swamp:1  | Learned a level 5 spell: Summon Forest
 32376 | Swamp:1  | Learned a level 5 spell: Summon Mana Viper
 33312 | Swamp:3  | Noticed Mara
 33332 | Swamp:3  | Killed Mara
 34171 | Swamp:4  | Entered Level 4 of the Swamp
 34271 | Swamp:4  | Noticed a thorn hunter
 34294 | Swamp:4  | Killed a thorn hunter
 34294 | Swamp:4  | Reached XP level 15. HP: 75/75 MP: 23/35
 34372 | Swamp:4  | Noticed a thorn hunter
 34381 | Swamp:4  | Killed a thorn hunter
 34498 | Swamp:4  | Noticed the 27-headed Lernaean hydra
 34514 | Swamp:4  | Killed the 27-headed Lernaean hydra
 34569 | Swamp:4  | Noticed Jorgrun
 34569 | Swamp:4  | Noticed Aizul
 34654 | Swamp:4  | Identified Sif Muna's Collected Works on Calling and Evil Secrets (Sif Muna gifted it to you on level 4 of the Swamp)
 34654 | Swamp:4  | Received a gift from Sif Muna
 34771 | Swamp:4  | Reached skill level 16 in Spellcasting
 34978 | Swamp:4  | Got a decaying rune of Zot
 35184 | Swamp:4  | Killed Jorgrun
 35193 | Swamp:4  | Killed Aizul
 36430 | Snake:2  | Killed Vashnia
 36730 | Snake:2  | Got a fine steel ring
 36731 | Snake:2  | Identified the ring of Peameliv {rC+ Str+2 Int+3} (You took it off a naga sharpshooter on level 2 of the Snake Pit)
 36815 | Snake:2  | Noticed a nagaraja
 36831 | Snake:2  | Killed a nagaraja
 36999 | Snake:2  | Noticed a nagaraja
 37022 | Snake:2  | Killed a nagaraja
 37919 | Snake:3  | Found a radiant altar of Vehumet.
 38346 | Snake:3  | Found Illelurph's Gadget Emporium.
 38392 | Snake:3  | Reached skill level 17 in Spellcasting
 38530 | Snake:3  | Identified the +8 dagger of the Vestibule of Hell {flame, rF+ Dex+3} (You found it on level 3 of the Snake Pit)
 38800 | Snake:4  | Entered Level 4 of the Snake Pit
 38808 | Snake:4  | Found Miarr's Food Shoppe.
 38938 | Snake:4  | Identified Sif Muna's Disquisition on Destructive Evil (Sif Muna gifted it to you on level 4 of the Snake Pit)
 38938 | Snake:4  | Received a gift from Sif Muna
 39621 | Snake:4  | Noticed a nagaraja
 39921 | Snake:4  | Killed a nagaraja
 39952 | Snake:4  | Noticed a nagaraja
 39956 | Snake:4  | Killed a nagaraja
 40055 | Snake:4  | Noticed a nagaraja
 40105 | Snake:4  | Killed a nagaraja
 40225 | Snake:4  | Noticed a nagaraja
 40252 | Snake:4  | Killed a nagaraja
 40277 | Snake:4  | Noticed Asterion
 40300 | Snake:4  | Killed Asterion
 40300 | Snake:4  | Reached XP level 16. HP: 85/85 MP: 23/38
 40329 | Snake:4  | Reached skill level 10 in Fighting
 40708 | Snake:4  | Got a serpentine rune of Zot
 41159 | Vaults:1 | Entered Level 1 of the Vaults
 41246 | Vaults:1 | Reached skill level 18 in Spellcasting
 42393 | Vaults:1 | Learned a level 6 spell: Deflect Missiles
 42488 | Vaults:1 | Identified Sif Muna's Compendium of Supportive Intoxication (Sif Muna gifted it to you on level 1 of the Vaults)
 42488 | Vaults:1 | Received a gift from Sif Muna
 42507 | Vaults:1 | Reached skill level 1 in Charms
 42560 | Vaults:1 | Reached skill level 1 in Air Magic
 43865 | Vaults:1 | Reached skill level 5 in Charms
 44067 | Vaults:1 | Reached ****** piety under Sif Muna
 44628 | Vaults:2 | Received a gift from Sif Muna
 44966 | Vaults:2 | Reached skill level 19 in Spellcasting
 45310 | Vaults:2 | Found Ozafeuskan's Magic Scroll Shop.
 45324 | Vaults:2 | Bought a scroll of magic mapping for 56 gold pieces
 45324 | Vaults:2 | Bought a scroll of teleportation for 48 gold pieces
 45324 | Vaults:2 | Bought a scroll of fear for 56 gold pieces
 45411 | Vaults:2 | Found a staircase to the Crypt.
 45909 | Vaults:2 | Noticed Sojobo
 45909 | Vaults:2 | Noticed a tengu reaver
 45909 | Vaults:2 | Noticed a tengu reaver
 45989 | Vaults:2 | Killed Sojobo
 46158 | Vaults:2 | Killed a tengu reaver
 46196 | Vaults:2 | Reached XP level 17. HP: 89/89 MP: 20/41
 46230 | Vaults:2 | Reached skill level 20 in Spellcasting
 47147 | Vaults:3 | Identified the +9 flail of Ashenzari's Whim {crush, Dex+4} (You found it on level 3 of the Vaults)
 47517 | Vaults:3 | Identified Sif Muna's Handbook of Stones (Sif Muna gifted it to you on level 3 of the Vaults)
 47517 | Vaults:3 | Received a gift from Sif Muna
 47927 | Vaults:3 | Found Rijynaiz's Antique Weapon Shoppe.
 47930 | Vaults:3 | Bought an iridescent shortbow for 208 gold pieces
 47930 | Vaults:3 | Identified the +8 shortbow of the Ten Realms {freeze, +Fly} (You bought it in a shop on level 3 of the Vaults)
 47986 | Vaults:3 | Reached skill level 21 in Spellcasting
 48021 | Vaults:3 | Learned a level 7 spell: Summon Hydra
 48137 | Vaults:3 | Found Gozag's Assorted Antiques.
 48183 | Vaults:3 | Found an opulent altar of Gozag.
 48186 | Vaults:3 | Bought 2 yellow potions for 180 gold pieces
 48186 | Vaults:3 | Bought a yellow potion for 90 gold pieces
 48189 | Vaults:3 | Found Gozag's Assorted Antiques.
 48192 | Vaults:3 | Found Gozag's Antique Weapon Boutique.
 49767 | Vaults:4 | Reached skill level 22 in Spellcasting
 50041 | Vaults:4 | Identified Sif Muna's Almanac of Mutagenic Enhancements (Sif Muna gifted it to you on level 4 of the Vaults)
 50041 | Vaults:4 | Received a gift from Sif Muna
 50605 | Elf:1    | Entered Level 1 of the Elven Halls
 51861 | Elf:1    | Reached XP level 18. HP: 88/93 MP: 16/45
 51867 | Elf:1    | Identified Vehumet's Incunabulum of Arcane Weapons
 52070 | Elf:1    | Learned a level 5 spell: Aura of Abjuration
 52078 | Elf:1    | Learned a level 7 spell: Malign Gateway
 52082 | Elf:1    | Learned a level 3 spell: Ozocubu's Armour
 52144 | Elf:2    | Shot with an arrow by a deep elf archer

Vault maps used:
D:1:      scummos_arrival_gate
D:2:      amethyst_overflow_temple_binary, kennysheep_pointless_box
D:3:      lemuel_blue_sif_altar, first_ration, grunt_gozag_statues
D:4:      overflow_temple_1_default
D:5:      minmay_temple_entry_nine_rooms
D:6:      basic_altar, nicolae_ossuary_entry_catacombs
D:7:      kennysheep_mini, marbit_many_paths, lemuel_zombie_altar_kikubaaqudgha,
          the_bakery, uniq_menkaure
D:8:      minmay_blocky_corners, elyvilon_altar_4
D:9:      lemuel_doored_altar, okawaru_metal_pillars_3,
          grunt_lair_entry_orc_guard_hut, serial_shops, nicolae_shop_crystal,
          lightli_bailey_entry_fortress, nrook_guardian_serpent_double
D:10:     orc_0_dummy, serial_shops, kennysheep_little_box
D:11:     minmay_coctagon, bloody_trog, uniq_urug
D:12:     moated_statue, kennysheep_generic_room_15, uniq_psyche
D:13:     david_vaults_3, uniq_frances, uniq_josephine
D:14:     nicolae_wwwww, due_unseen_surprise
D:15:     grunt_enter_depths_hoard, hangedman_decor_slide_cut,
          chequers_big_river
Lair:1:   infiniplex_staircase_pool, lemuel_fruit_tree, serial_bayou_shore_b,
          grunt_megastairs_3, lemuel_fruit_fields
Lair:2:   dpeg_oklob_gauntlet, swamp_mist_pool, minivault_11
Lair:3:   grunt_forest_small_clearings, guppyfry_lair_drakes, grunt_megastairs_4
Lair:4:   guppyfry_snake_entry_island, grunt_megastairs_5
Lair:5:   dpeg_slime_entry_enclosed_altar, grunt_forest_small_clearing_treed
Lair:6:   evilmike_catoblepas_cave, lab_entry_generic, minmay_hedge_maze,
          minivault_23
Swamp:1:  portal_ice_cave_entry_ugly_swarm, evilmike_swamp_ruin_rubble_1,
          cheibrodos_swamp_kobolds
Swamp:2:  serial_swamp_ruin, evilmike_swamp_ruin_house_2,
          evilmike_swamp_ruin_rubble_2
Swamp:3:  nicolae_swamp_treefoil, uniq_mara
Swamp:4:  swamp_old_school, swamp_pool2, nicolae_swamp_alligator_family,
          uniq_jorgrun, uniq_aizul
Snake:1:  minmay_shop_star, uniq_kirke
Snake:2:  gammafunk_sealed_library, uniq_vashnia
Snake:3:  basic_altar, serial_shops, shop, serial_bayou_pond_a,
          serial_bayou_shore_b
Snake:4:  minmay_snake_end_coiled, serial_shops, nicolae_shop_crystal,
          abandoned_shop, spider_trap, serial_bayou_shore_a, uniq_asterion
Orc:1:    mines2_david
Orc:2:    grunt_orc_community_town_hall, grunt_orc_community_big_house_2,
          grunt_orc_community_big_house_2, grunt_orc_community_house_3,
          grunt_orc_community_house_1, grunt_orc_community_house_1,
          grunt_orc_community_house_3, lemuel_statue_altar
Elf:1:    minmay_elf_arrival_circle, minmay_elf_annihilation,
          minmay_fountain_box
Elf:2:    serial_shops, shop
Vaults:1: v_misc_10, nicolae_vaults_little_squares_6, v_misc_5,
          vaults_room_boxed, v_misc_26, ontoclasm_vaults_decontamination,
          nicolae_vaults_network_star, vaults_room_ringed_pool,
          grunt_vaults_trifunnel, ontoclasm_vaults_twist, v_alt_pattern_3,
          ontoclasm_vaults_idyll, serial_ice_b, nicolae_vaults_c_with_doors,
          ontoclasm_vaults_shuriken
Vaults:2: minmay_crypt_entry_simple_plaza, v_misc_1, nicolae_vaults_alarming,
          nicolae_vaults_little_squares_4, nicolae_vaults_asterisk,
          vaults_room_pools, serial_shops, nicolae_shop_window_shopping,
          uniq_sojobo
Vaults:3: grunt_vaults_swirl, grunt_vaults_focal, vaults_room_corners,
          hangedman_vaults_stagger, ontoclasm_vaults_ring_square,
          nicolae_vaults_ninety_degrees, hangedman_vaults_cutoff,
          kennysheep_vaults_gozag_temple, grunt_vaults_hallway_short,
          ontoclasm_vaults_chip, serial_shops, nicolae_shop_behind_doors
Vaults:4: nicolae_vaults_shelves_hall, nicolae_vaults_minivaults,
          hangedman_vaults_stream, nicolae_vaults_mini_display_case,
          dpeg_vaults_monster_box, v_misc_30, v_misc_14, vaults_dpeg_diagonal,
          nicolae_vaults_yaktaur_gun_rack, vaults_room_pools, v_misc_26
Ossuary:  ossuary_tomb_3
Bailey:   bailey_polearm_1, bailey
IceCv:    ice_cave_caverns_02

Skill      XL: |  1  2  3  4  5  6  7  8  9 10 11 12 13 14 15 16 17 |
---------------+----------------------------------------------------+-----
Spellcasting   | 3 4 5 6 8 10 11 13 15 17 19 22 | 22.9
Summonings     | 4 5 6 7 8 10 11 13 14 | 14.4
Invocations    | 5 6 |  6.0
Fighting       | 4 7 9 10 | 10.0
Stealth        | 8 10 | 10.0
Dodging        | 8 12 | 12.5
Hexes          | 3 8 |  8.0
Charms         | 7 |  7.7
Air Magic      | 4 |  4.8

Action                   |  1- 3 |  4- 6 |  7- 9 | 10-12 | 13-15 | 16-18 || total
-------------------------+-------+-------+-------+-------+-------+-------++-------
 Cast: Summon Small Mamm |    19 |       |     5 |     4 |       |       ||    28
       Call Imp          |    27 |    26 |    85 |    53 |     1 |       ||   192
       Call Canine Famil |     8 |    28 |    71 |   123 |    11 |       ||   241
       Summon Lightning  |       |       |     4 |    53 |    52 |    26 ||   135
       Summon Ice Beast  |       |       |     2 |   183 |    62 |     5 ||   252
       Summon Demon      |       |       |       |     4 |   434 |   231 ||   669
       Summon Butterflie |       |       |       |     1 |     3 |       ||     4
       Summon Forest     |       |       |       |       |    47 |     9 ||    56
       Summon Mana Viper |       |       |       |       |    18 |   111 ||   129
       Cause Fear        |       |       |       |       |     2 |     1 ||     3
       Recall            |       |       |       |       |     1 |    23 ||    24
       Shadow Creatures  |       |       |       |       |       |    66 ||    66
       Deflect Missiles  |       |       |       |       |       |     3 ||     3
       Summon Hydra      |       |       |       |       |       |    34 ||    34
       Ozocubu's Armour  |       |       |       |       |       |     2 ||     2
       Malign Gateway    |       |       |       |       |       |     2 ||     2
Invok: Divine Energy     |       |       |     1 |       |       |       ||     1
       Channel Magic     |       |       |       |       |     1 |       ||     1
Evoke: Wand              |       |       |    13 |    22 |    11 |       ||    46
  Use: Scroll            |       |     4 |     6 |    25 |    20 |    14 ||    69
       Potion            |       |       |     3 |     3 |    10 |     7 ||    23
  Eat: Ration            |     1 |     2 |     2 |     5 |     9 |     5 ||    24
Armor: Robe              |     9 |     1 |     3 |     5 |     8 |     9 ||    35
Dodge: Dodged            |    32 |    14 |    58 |   129 |   200 |   280 ||   713
       Deflected         |       |       |       |       |       |    28 ||    28

Table legend:
 A = Spawn XP
 B = Non-spawn XP
 C = Spawn XP percentage of total XP
 D = Spawn monster count
 E = Non-spawn monster count
 F = Spawn count percentage of total count
 G = Total turns spent on level
                    A         B        C        D         E        F      G
               +---------+---------+-------+---------+---------+-------+---------
         Total |       0 |  291587 |   0.0 |       0 |    1498 |   0.0 | 52144
               +---------+---------+-------+---------+---------+-------+---------
           D:1 |       0 |      17 |   0.0 |       0 |      16 |   0.0 |   527
           D:2 |       0 |      26 |   0.0 |       0 |      14 |   0.0 |   992
           D:3 |       0 |      38 |   0.0 |       0 |      22 |   0.0 |   815
           D:4 |       0 |     148 |   0.0 |       0 |       5 |   0.0 |   529
           D:5 |       0 |     358 |   0.0 |       0 |      21 |   0.0 |   883
           D:6 |       0 |     320 |   0.0 |       0 |      16 |   0.0 |  1009
           D:7 |       0 |     627 |   0.0 |       0 |      24 |   0.0 |  1200
           D:8 |       0 |    1108 |   0.0 |       0 |      25 |   0.0 |  1157
           D:9 |       0 |     990 |   0.0 |       0 |      30 |   0.0 |  1264
          D:10 |       0 |    3105 |   0.0 |       0 |      41 |   0.0 |  2528
          D:11 |       0 |    3640 |   0.0 |       0 |      47 |   0.0 |  1385
          D:12 |       0 |    4340 |   0.0 |       0 |      41 |   0.0 |  1560
          D:13 |       0 |    8436 |   0.0 |       0 |      74 |   0.0 |  2100
          D:14 |       0 |    2303 |   0.0 |       0 |      17 |   0.0 |   588
          D:15 |       0 |    3161 |   0.0 |       0 |      20 |   0.0 |   966
        Lair:1 |       0 |    4506 |   0.0 |       0 |      36 |   0.0 |   968
        Lair:2 |       0 |    4167 |   0.0 |       0 |      16 |   0.0 |  1650
        Lair:3 |       0 |    3607 |   0.0 |       0 |      23 |   0.0 |  1062
        Lair:4 |       0 |    2766 |   0.0 |       0 |      27 |   0.0 |   937
        Lair:5 |       0 |    6290 |   0.0 |       0 |      30 |   0.0 |   867
        Lair:6 |       0 |    9933 |   0.0 |       0 |      56 |   0.0 |  1599
       Swamp:1 |       0 |    5745 |   0.0 |       0 |      32 |   0.0 |  1031
       Swamp:2 |       0 |    6432 |   0.0 |       0 |      43 |   0.0 |   913
       Swamp:3 |       0 |   10281 |   0.0 |       0 |      39 |   0.0 |  1000
       Swamp:4 |       0 |   21302 |   0.0 |       0 |      59 |   0.0 |  1785
       Snake:1 |       0 |    4185 |   0.0 |       0 |      16 |   0.0 |  1410
       Snake:2 |       0 |   14196 |   0.0 |       0 |      39 |   0.0 |  2059
       Snake:3 |       0 |    5820 |   0.0 |       0 |      24 |   0.0 |  1500
       Snake:4 |       0 |   19505 |   0.0 |       0 |      73 |   0.0 |  1765
         Orc:1 |       0 |     650 |   0.0 |       0 |      24 |   0.0 |   510
         Orc:2 |       0 |    4644 |   0.0 |       0 |      73 |   0.0 |  1277
         Elf:1 |       0 |   15567 |   0.0 |       0 |      48 |   0.0 |  1530
         Elf:2 |       0 |    1109 |   0.0 |       0 |       3 |   0.0 |     9
      Vaults:1 |       0 |   32021 |   0.0 |       0 |     133 |   0.0 |  2936
      Vaults:2 |       0 |   31185 |   0.0 |       0 |      73 |   0.0 |  2123
      Vaults:3 |       0 |   22755 |   0.0 |       0 |      61 |   0.0 |  1852
      Vaults:4 |       0 |   30088 |   0.0 |       0 |      77 |   0.0 |  1861
           Lab |       0 |     572 |   0.0 |       0 |       1 |   0.0 |   628
       Ossuary |       0 |      93 |   0.0 |       0 |      16 |   0.0 |   330
        Bailey |       0 |    1014 |   0.0 |       0 |      12 |   0.0 |   544
         IceCv |       0 |    4537 |   0.0 |       0 |      51 |   0.0 |  2495
               +---------+---------+-------+---------+---------+-------+---------
